[Event "Israeli Open Championship 2019"]
[Site "Jerusalem"]
[Date "2019.12.17"]
[Round "5.3"]
[White "Shtemler, Lavi"]
[Black "Flom, Gabriel"]
[Result "1/2-1/2"]
[ECO "B69"]
[WhiteElo "2181"]
[BlackElo "2506"]
[Annotator "ChessBase"]
[PlyCount "212"]
[EventDate "2019.12.12"]
[EventType "swiss"]
[EventCountry "ISR"]
[SourceTitle "playchess.com"]
[Source "ChessBase"]
[SourceQuality "1"]
[TimeControl "5400+30"]

1. e4 c5 2. Nf3 Nc6 3. d4 cxd4 4. Nxd4 Nf6 5. Nc3 d6 6. Bg5 e6 7. Qd2 Be7 8. O-O-O a6 9. f4 Bd7 10. Nf3 b5 11. Bxf6 gxf6 12. f5 Qb6 13. Kb1 O-O-O 14. fxe6 fxe6 15. Ne2 Kb8 16. Nf4 Bc8 17. g3 d5 18. exd5 e5 19. Bd3 Nb4 20. Qe2 Rhe8 21. Bxh7 exf4 22. Bg6 Qe3 23. Qxe3 fxe3 24. Bxe8 Rxe8 25. Rhe1 Bc5 26. a3 Nxc2 27. Kxc2 Bg4 28. Ng1 Bxd1+ 29. Kxd1 Re5 30. Ke2 Rxd5 31. Nf3 a5 32. h4 Kc7 33. Rh1 Bf8 34. Kxe3 f5 35. Ng5 Kd7 36. Rh2 Bd6 37. Rh3 Be5 38. b4 a4 39. h5 Bb2 40. Rh1 Bxa3 41. Rb1 Ke7 42. h6 Kf6 43. h7 Rd8 44. Nf3 Re8+ 45. Kf2 Rh8 46. Nd4 Rxh7 47. Nxb5 Bb2 48. Kf3 a3 49. Nxa3 Bxa3 50. Rb3 Bc1 51. b5 Rb7 52. Rc3 Bd2 53. Rc2 Bb4 54. g4 fxg4+ 55. Kxg4 Rxb5 56. Kf4 Bd6+ 57. Ke4 Ke6 58. Rc4 Re5+ 59. Kd3 Rf5 60. Ke4 Bc5 61. Ra4 Re5+ 62. Kf4 Be3+ 63. Kf3 Kf5 64. Ra8 Bc5 65. Ra4 Re3+ 66. Kg2 Bd6 67. Kf2 Bf4 68. Ra8 Rb3 69. Ke2 Re3+ 70. Kf2 Rc3 71. Ke2 Be5 72. Rg8 Ke4 73. Rg4+ Bf4 74. Rg2 Rc1 75. Kf2 Be3+ 76. Ke2 Rc2+ 77. Kf1 Bd2 78. Kf2 Bb4+ 79. Kf1 Rc1+ 80. Ke2 Bd6 81. Rg4+ Bf4 82. Rg2 Rc3 83. Kf2 Kd3 84. Kf3 Be3 85. Ra2 Bd4 86. Rg2 Rc8 87. Ra2 Rf8+ 88. Kg4 Ke4 89. Re2+ Be3 90. Rg2 Rh8 91. Kg3 Rf8 92. Kg4 Rf3 93. Ra2 Rf4+ 94. Kg3 Rf1 95. Rg2 Bf4+ 96. Kg4 Re1 97. Kh5 Kf3 98. Rg8 Re6 99. Rh8 Ke4 100. Rg8 Kf3 101. Rh8 Rf6 102. Rh7 Rf8 103. Kg6 Kg4 104. Rf7 Re8 105. Rb7 Re6+ 106. Kf7 Kf5 1/2-1/2

[Event "Israeli Open Championship 2019"]
[Site "Jerusalem"]
[Date "2019.12.17"]
[Round "5.4"]
[White "Rechlis, Gad"]
[Black "Tifferet, Shaked"]
[Result "1-0"]
[ECO "A05"]
[WhiteElo "2490"]
[BlackElo "2232"]
[Annotator "ChessBase"]
[PlyCount "152"]
[EventDate "2019.12.12"]
[EventType "swiss"]
[EventCountry "ISR"]
[SourceTitle "playchess.com"]
[Source "ChessBase"]
[SourceQuality "1"]
[TimeControl "5400+30"]

1. Nf3 Nf6 2. g3 d5 3. Bg2 e6 4. O-O Be7 5. d3 b6 6. Nbd2 Bb7 7. e4 dxe4 8. dxe4 O-O 9. e5 Nfd7 10. Qe2 Nc5 11. Re1 a5 12. Qc4 Nbd7 13. Qg4 f5 14. exf6 Nxf6 15. Qh3 Qe8 16. b3 Qg6 17. c3 Nfe4 18. Nxe4 Bxe4 19. Ne5 Qf6 20. Bf4 Bxg2 21. Qxg2 g5 22. Ng4 Qg6 23. Bxc7 Nd3 24. Ne5 Nxe5 25. Bxe5 Bc5 26. Bd4 Bxd4 27. cxd4 Rac8 28. Re2 Qd3 29. Rae1 Qxd4 30. Qb7 Rcd8 31. Qe7 Rf6 32. Re3 Rdf8 33. R1e2 Qd1+ 34. Kg2 Qd5+ 35. Kg1 Qd1+ 36. Re1 Qd4 37. Rf1 g4 38. Re2 R8f7 39. Qe8+ Kg7 40. Qb5 Rf5 41. Qc6 R5f6 42. Qc2 h5 43. Rd1 Qc5 44. Qxc5 bxc5 45. Rd6 Ra7 46. Rexe6 Rxe6 47. Rxe6 a4 48. Re5 axb3 49. axb3 Ra1+ 50. Kg2 Kg6 51. Rxc5 Rb1 52. Rb5 Kh6 53. h3 Kg6 54. hxg4 hxg4 55. Rb4 Kf5 56. Rb8 Ra1 57. b4 Rb1 58. b5 Kg6 59. b6 Kg7 60. f4 gxf3+ 61. Kxf3 Rb3+ 62. Kf4 Ra3 63. Rc8 Rb3 64. Rc6 Rb5 65. g4 Kf7 66. g5 Ke7 67. Rf6 Rb4+ 68. Kf5 Rb5+ 69. Kg6 Ke8 70. Kh6 Ke7 71. Rc6 Kd7 72. Rc7+ Ke6 73. b7 Kd6 74. Rf7 Ke6 75. g6 Rb1 76. Kg7 Kd5 1-0

[Event "Israeli Open Championship 2019"]
[Site "Jerusalem"]
[Date "2019.12.17"]
[Round "5.5"]
[White "Iliaguev, Nisim"]
[Black "Zalkind, Konstantin"]
[Result "1-0"]
[ECO "D20"]
[WhiteElo "2275"]
[BlackElo "2162"]
[Annotator "ChessBase"]
[PlyCount "69"]
[EventDate "2019.12.12"]
[EventType "swiss"]
[EventCountry "ISR"]
[SourceTitle "playchess.com"]
[Source "ChessBase"]
[SourceQuality "1"]
[TimeControl "5400+30"]

1. d4 d5 2. c4 dxc4 3. e4 b5 4. Nf3 Bb7 5. Nc3 a6 6. b3 b4 7. Na4 e6 8. Bxc4 Bxe4 9. O-O Nf6 10. Re1 Be7 11. Bg5 Bd5 12. Bxf6 Bxf6 13. Bxd5 Qxd5 14. Rc1 Ra7 15. Rc5 Qd6 16. d5 O-O 17. dxe6 fxe6 18. Qc2 c6 19. Qc4 Re7 20. Qxb4 Nd7 21. Rc4 Qd5 22. Rce4 c5 23. Qc4 Rfe8 24. Qxa6 Bd4 25. Qb5 Nf6 26. R4e2 e5 27. Nb6 Qf7 28. Nc4 Qd5 29. Nxd4 Qxd4 30. Rd2 Qf4 31. Qxc5 e4 32. Qd6 Qh6 33. Rde2 Rd7 34. Qc6 Qg6 35. Nd6 1-0

[Event "Israeli Open Championship 2019"]
[Site "Jerusalem"]
[Date "2019.12.17"]
[Round "5.6"]
[White "Golberg, Igor"]
[Black "Cohen Revivo, Shoham"]
[Result "0-1"]
[ECO "D11"]
[WhiteElo "2156"]
[BlackElo "2261"]
[Annotator "ChessBase"]
[PlyCount "83"]
[EventDate "2019.12.12"]
[EventType "swiss"]
[EventCountry "ISR"]
[SourceTitle "playchess.com"]
[Source "ChessBase"]
[SourceQuality "1"]
[TimeControl "5400+30"]

1. d4 d5 2. c4 c6 3. Nf3 Nf6 4. g3 Bf5 5. Bg2 e6 6. O-O Be7 7. Qb3 Qb6 8. Nc3 O-O 9. c5 Qxb3 10. axb3 Nbd7 11. b4 a6 12. Bf4 h6 13. h3 Ne4 14. g4 Bh7 15. Nxe4 Bxe4 16. Nd2 Bxg2 17. Kxg2 Bf6 18. Bd6 Rfe8 19. e3 e5 20. Nb3 exd4 21. exd4 Re2 22. Rab1 Rae8 23. Rfd1 Bh4 24. Bg3 Bxg3 25. Kxg3 Nf6 26. Kf3 Rc2 27. Rdc1 Ree2 28. Rxc2 Rxc2 29. Na5 Ne4 30. Ra1 Rxf2+ 31. Ke3 Rxb2 32. Nxb7 Rb3+ 33. Kf4 Rxb4 34. Nd8 Rxd4 35. Nxc6 Rc4 36. Ke5 Rxc5 37. Rxa6 Nf6 38. Ne7+ Kh7 39. Ra3 Rc4 40. Kf5 d4 41. Ke5 Rc3 42. Kxd4 0-1

[Event "Israeli Open Championship 2019"]
[Site "Jerusalem"]
[Date "2019.12.17"]
[Round "5.7"]
[White "Lahav, Michal"]
[Black "Sokolovsky, Yahli"]
[Result "1-0"]
[ECO "D00"]
[WhiteElo "2244"]
[BlackElo "2045"]
[Annotator "ChessBase"]
[PlyCount "53"]
[EventDate "2019.12.12"]
[EventType "swiss"]
[EventCountry "ISR"]
[SourceTitle "playchess.com"]
[Source "ChessBase"]
[SourceQuality "1"]
[TimeControl "5400+30"]

1. d4 Nf6 2. Bf4 g6 3. Nc3 d5 4. e3 Bg7 5. h4 h5 6. Nf3 O-O 7. Be2 Bg4 8. Ne5 Bxe2 9. Qxe2 Nbd7 10. O-O-O c6 11. f3 Nxe5 12. Bxe5 b5 13. g4 hxg4 14. fxg4 b4 15. h5 bxc3 16. h6 Qb6 17. bxc3 Rfb8 18. hxg7 Qb2+ 19. Kd2 Ne4+ 20. Ke1 Qxc3+ 21. Kf1 f6 22. Bxb8 Rxb8 23. Qh2 Kxg7 24. Qxb8 Qxc2 25. Qh8+ Kf7 26. Rh7+ Ke6 27. Qc8+ 1-0

[Event "Israeli Open Championship 2019"]
[Site "Jerusalem"]
[Date "2019.12.17"]
[Round "5.8"]
[White "Sobel, Ido"]
[Black "Baron, Tal"]
[Result "0-1"]
[ECO "B23"]
[WhiteElo "1711"]
[BlackElo "2541"]
[Annotator "ChessBase"]
[PlyCount "42"]
[EventDate "2019.12.12"]
[EventType "swiss"]
[EventCountry "ISR"]
[SourceTitle "playchess.com"]
[Source "ChessBase"]
[SourceQuality "1"]
[TimeControl "5400+30"]

1. e4 c5 2. Nc3 Nc6 3. f4 g6 4. Bc4 Bg7 5. Nf3 e6 6. d3 Nge7 7. O-O d5 8. Bb5 O-O 9. Bxc6 Nxc6 10. Qe1 b6 11. a3 Ba6 12. Qg3 Nd4 13. Qf2 dxe4 14. Nxe4 Nxc2 15. Qxc2 Bxd3 16. Qa4 b5 17. Qb3 c4 18. Qb4 Bxf1 19. Kxf1 Qd3+ 20. Kg1 Qxe4 21. Bd2 Rfd8 0-1

[Event "Israeli Open Championship 2019"]
[Site "Jerusalem"]
[Date "2019.12.17"]
[Round "5.9"]
[White "Slonimskij, Arkadij"]
[Black "Gorodetzky, Matan"]
[Result "0-1"]
[ECO "D33"]
[WhiteElo "2133"]
[BlackElo "2284"]
[Annotator "ChessBase"]
[PlyCount "56"]
[EventDate "2019.12.12"]
[EventType "swiss"]
[EventCountry "ISR"]
[SourceTitle "playchess.com"]
[Source "ChessBase"]
[SourceQuality "1"]
[TimeControl "5400+30"]

1. d4 d5 2. c4 e6 3. cxd5 exd5 4. Nc3 c5 5. Nf3 Nc6 6. g3 Nf6 7. Bg2 cxd4 8. Nxd4 Bc5 9. Nb3 Bb6 10. O-O d4 11. Na4 O-O 12. Nxb6 axb6 13. Bd2 Re8 14. Nc1 Be6 15. Nd3 Bd5 16. f3 Bc4 17. Re1 Nd5 18. Qc2 Ba6 19. b4 Ne3 20. Qb1 Bb5 21. Nb2 Nxg2 22. Kxg2 Bxe2 23. Qf5 g6 24. Qc2 d3 25. Qc3 Qd5 26. Bh6 Nd4 27. Nxd3 Qxf3+ 28. Kg1 Qxd3 0-1

[Event "Israeli Open Championship 2019"]
[Site "Jerusalem"]
[Date "2019.12.17"]
[Round "5.10"]
[White "Tsyn, Igor"]
[Black "Kunin, Michael"]
[Result "1/2-1/2"]
[ECO "B43"]
[WhiteElo "2154"]
[BlackElo "2102"]
[Annotator "NA"]
[PlyCount "80"]
[EventDate "2019.12.12"]
[EventType "swiss"]
[EventCountry "ISR"]
[SourceTitle "playchess.com"]
[Source "ChessBase"]
[SourceQuality "1"]
[TimeControl "5400+30"]

1. e4 c5 2. Nf3 e6 3. d4 cxd4 4. Nxd4 a6 5. Nc3 b5 6. Bd3 Bb7 7. O-O d6 8. a3 Nd7 9. Qe2 Ngf6 10. Kh1 Be7 11. f4 Rc8 12. e5 dxe5 (12... Nd5 $142) 13. fxe5 Nxe5 14. Qxe5 Rc5 {[%emt 0:17:44] [#]} 15. Qe3 $18 Rh5 16. Be2 Rh4 17. Bf3 Ng4 18. Bxb7 Nxe3 19. Bc6+ Kf8 20. Nxe6+ Kg8 21. Nxd8 Nxf1 22. Kg1 Nxh2 23. Nb7 Ng4 24. Nd5 Bf8 25. Bg5 Rh5 26. Ne7+ Bxe7 27. Bxe7 Re5 28. Rd1 h5 29. Bd6 Rf5 30. Re1 g6 31. Bb4 Kh7 32. Nd6 Rf6 33. Bd5 Rd8 34. Bxf7 Rfxd6 35. Bxd6 Rxd6 36. Bb3 Rd2 37. Kf1 Rf2+ 38. Kg1 Rd2 39. Kf1 Rf2+ 40. Kg1 Rd2 1/2-1/2

[Event "Israeli Open Championship 2019"]
[Site "Jerusalem"]
[Date "2019.12.17"]
[Round "5.11"]
[White "Har-Even, Abir"]
[Black "Leor, Ephraim"]
[Result "1/2-1/2"]
[ECO "B07"]
[WhiteElo "2104"]
[BlackElo "1704"]
[Annotator "NA"]
[PlyCount "118"]
[EventDate "2019.12.12"]
[EventType "swiss"]
[EventCountry "ISR"]
[SourceTitle "playchess.com"]
[Source "ChessBase"]
[SourceQuality "1"]
[TimeControl "5400+30"]

1. e4 g6 2. Nc3 Bg7 3. f4 d6 4. Nf3 Nf6 5. d3 (5. h3 O-O 6. g4 e5 7. f5 d5 8. d3 dxe4 9. dxe4 Qxd1+ 10. Kxd1 c6 11. Bd3 Re8 12. Nh4 Nbd7 {1-0 (48) Quesada Perez,Y (2572)-Kadric,D (2558) Saint Louis 2019}) 5... Bg4 6. h3 {[%emt 0:00:15] B07: Pirc Defence: Miscellaneous Systems} Bxf3 7. Qxf3 Nc6 8. Be3 O-O 9. Be2 e5 10. Qg3 $146 ({Predecessor:} 10. O-O-O $11 d5 11. Nxd5 Nxd5 12. exd5 Nb4 {1-0 (21) Rodriguez Ferrer,P-Marco Catala,J (2003) Cullera 2004}) 10... Nd4 11. Bxd4 exd4 12. Nb1 Nxe4 13. dxe4 d3 $1 {[%emt 0:00:07] Discovered Attack} 14. Qxd3 Bxb2 15. O-O Bxa1 16. c3 c6 17. Nd2 Qb6+ 18. Kh1 Qb2 $1 19. Nb3 Qxa2 (19... f5 $15 20. e5 (20. Rxa1 fxe4 21. Qe3 a5 $17) 20... Qxa2 21. Nxa1 dxe5 22. fxe5 a5) 20. Nxa1 Rad8 21. Nc2 d5 22. e5 c5 23. Bf3 (23. Qd2 $16) 23... Rfe8 $2 {[%emt 0:06:23] [#]} (23... Qc4 $11 24. Qxc4 dxc4) 24. Re1 (24. Ne3 $1 $18) 24... Qc4 25. Qxc4 dxc4 26. Bxb7 Rd3 $1 27. Ne3 $16 Rb8 28. Bd5 Rxc3 29. Nxc4 Rd3 30. Be4 Rd4 31. Nd6 a5 32. Rc1 c4 33. Rxc4 Rxc4 34. Nxc4 a4 35. Bd5 Rb5 36. Bxf7+ Kf8 37. Be6 Ke7 38. Bg8 Kf8 39. Be6 Ke7 40. Bg4 Rb4 41. Be2 Rb3 42. Na5 Rb1+ 43. Kh2 a3 44. Bc4 Rb2 45. Nc6+ Ke8 46. Bd5 a2 47. Bxa2 Rxa2 48. Nd4 Ke7 49. Kg3 Rd2 50. Nf3 Rd3 51. Kg4 h6 52. h4 Ke6 53. h5 gxh5+ 54. Kxh5 Kf5 55. Kxh6 Kxf4 56. Kg6 Re3 57. Kf6 Kg3 58. e6 Rxe6+ 59. Kxe6 Kxg2 1/2-1/2

[Event "Israeli Open Championship 2019"]
[Site "Jerusalem"]
[Date "2019.12.17"]
[Round "5.12"]
[White "Dvoirys, Semen I."]
[Black "Bulkovstein, David"]
[Result "1-0"]
[ECO "C02"]
[WhiteElo "2467"]
[BlackElo "1889"]
[Annotator "ChessBase"]
[PlyCount "33"]
[EventDate "2019.12.12"]
[EventType "swiss"]
[EventCountry "ISR"]
[SourceTitle "playchess.com"]
[Source "ChessBase"]
[SourceQuality "1"]
[TimeControl "5400+30"]

1. e4 e6 2. d4 d5 3. e5 c5 4. c3 Nc6 5. Nf3 Nge7 6. Na3 cxd4 7. cxd4 Nf5 8. Nc2 Bd7 9. Bd3 Qb6 10. O-O Be7 11. g4 Nh6 12. h3 O-O-O 13. b4 Kb8 14. Bd2 a6 15. a4 Na7 16. b5 Ka8 17. a5 1-0

[Event "Israeli Open Championship 2019"]
[Site "Jerusalem"]
[Date "2019.12.17"]
[Round "5.13"]
[White "Birnboim, Nathan"]
[Black "Levitan, Ronit"]
[Result "1-0"]
[ECO "E04"]
[WhiteElo "2393"]
[BlackElo "1876"]
[Annotator "ChessBase"]
[PlyCount "53"]
[EventDate "2019.12.12"]
[EventType "swiss"]
[EventCountry "ISR"]
[SourceTitle "playchess.com"]
[Source "ChessBase"]
[SourceQuality "1"]
[TimeControl "5400+30"]

1. d4 d5 2. c4 e6 3. Nf3 Nf6 4. g3 dxc4 5. Bg2 a6 6. O-O Nc6 7. e3 Rb8 8. Nfd2 e5 9. Bxc6+ bxc6 10. dxe5 Ng4 11. Nxc4 Be6 12. Nbd2 h5 13. f3 Rb4 14. b3 h4 15. fxg4 hxg3 16. hxg3 Qg5 17. Qf3 Bd5 18. Qf5 Qd8 19. Nf3 Be6 20. Qe4 Bd5 21. Qf4 Be7 22. e4 Be6 23. Be3 Qd3 24. Rad1 Qc2 25. Rd2 g5 26. Nxg5 Bxg5 27. Qxg5 1-0

[Event "Israeli Open Championship 2019"]
[Site "Jerusalem"]
[Date "2019.12.17"]
[Round "5.14"]
[White "Friedland, Moshe"]
[Black "Gunders, Elad"]
[Result "1/2-1/2"]
[ECO "B33"]
[WhiteElo "2267"]
[BlackElo "1803"]
[Annotator "ChessBase"]
[PlyCount "38"]
[EventDate "2019.12.12"]
[EventType "swiss"]
[EventCountry "ISR"]
[SourceTitle "playchess.com"]
[Source "ChessBase"]
[SourceQuality "1"]
[TimeControl "5400+30"]

1. e4 c5 2. Nf3 e6 3. d4 cxd4 4. Nxd4 Nf6 5. Nc3 Nc6 6. g3 Qb6 7. Nb3 Bb4 8. Be3 Qc7 9. Bg2 O-O 10. O-O Bxc3 11. bxc3 d5 12. exd5 Nxd5 13. Bc5 Rd8 14. Qg4 b6 15. Ba3 Bb7 16. Rfe1 Ne5 17. Qh4 Qxc3 18. Rxe5 Qxe5 19. c4 Ne3 1/2-1/2

[Event "Israeli Open Championship 2019"]
[Site "Jerusalem"]
[Date "2019.12.17"]
[Round "5.15"]
[White "Uritsky, Yonathan"]
[Black "Berenboym, Igor"]
[Result "1-0"]
[ECO "B40"]
[WhiteElo "1881"]
[BlackElo "2100"]
[Annotator "ChessBase"]
[PlyCount "93"]
[EventDate "2019.12.12"]
[EventType "swiss"]
[EventCountry "ISR"]
[SourceTitle "playchess.com"]
[Source "ChessBase"]
[SourceQuality "1"]
[TimeControl "5400+30"]

1. e4 c5 2. Nf3 e6 3. d4 cxd4 4. Nxd4 Nf6 5. Nc3 Bb4 6. e5 Nd5 7. Bd2 Nxc3 8. bxc3 Be7 9. Qg4 g6 10. Bd3 Nc6 11. Qe4 f5 12. exf6 Bxf6 13. h4 d5 14. Qe3 Kf7 15. Nf3 e5 16. Ng5+ Kg7 17. Rd1 h6 18. Nh3 Bxh4 19. c4 e4 20. Bxe4 Bg4 21. Bc3+ d4 22. Bxd4+ Nxd4 23. Rxd4 Qa5+ 24. Qd2 Qxd2+ 25. Kxd2 Bf6 26. Rd3 Rhe8 27. f3 Re7 28. Rb1 Bxh3 29. gxh3 Rb8 30. c5 Be5 31. Rdb3 Rd8+ 32. Ke2 Rdd7 33. Rxb7 Rxb7 34. Rxb7 Rxb7 35. Bxb7 Kf6 36. Ke3 g5 37. Ke4 Bg3 38. Bc8 h5 39. Kd5 h4 40. Kc6 Bf2 41. Kd6 Bg3+ 42. Kd7 Kf5 43. c6 Be5 44. c7 Kf4 45. Bb7 Bxc7 46. Kxc7 Kg3 47. Bc8 1-0

[Event "Israeli Open Championship 2019"]
[Site "Jerusalem"]
[Date "2019.12.17"]
[Round "5.16"]
[White "Zak, Arad"]
[Black "Freiman, Mark"]
[Result "1-0"]
[ECO "C89"]
[WhiteElo "2076"]
[BlackElo "1724"]
[Annotator "NA"]
[PlyCount "105"]
[EventDate "2019.12.12"]
[EventType "swiss"]
[EventCountry "ISR"]
[SourceTitle "playchess.com"]
[Source "ChessBase"]
[SourceQuality "1"]
[TimeControl "5400+30"]

1. e4 e5 2. Nf3 Nc6 3. Bb5 a6 4. Ba4 Nf6 5. O-O Be7 6. Re1 b5 7. Bb3 O-O 8. c3 d5 9. exd5 Nxd5 10. Nxe5 Nxe5 11. Rxe5 c6 12. d4 Bd6 13. Re1 Qh4 14. g3 Qh3 15. Be3 Bg4 16. Qd3 Rae8 17. Qf1 Qh5 18. Nd2 Re6 19. a4 Bh3 ({Of course not} 19... Nxe3 $6 20. Rxe3 Rxe3 21. fxe3 $16) 20. Qd3 (20. Bd1 $5 Qf5 21. Qe2 $11) 20... Bf5 21. Bd1 Qh3 22. Qf1 Rfe8 23. Qxh3 Bxh3 24. axb5 axb5 25. Bb3 f5 $2 (25... h6 $16) 26. Nf3 h6 $2 (26... f4 {might work better.}) 27. Bd2 g5 28. Rxe6 Rxe6 29. Re1 Rxe1+ 30. Nxe1 Kg7 {[%emt 0:00:41] [#]} 31. f3 $1 f4 {[%emt 0:03:12] [#]} (31... Nb6 {keeps fighting.} 32. Nd3 Nc4) 32. Bxd5 $1 cxd5 {[%emt 0:00:02] [#]} 33. g4 $1 Kg6 34. Nd3 h5 35. Nf2 hxg4 36. fxg4 Bxg4 37. Nxg4 Kf5 38. h3 Ke4 39. Kf2 Kd3 40. Be1 Kc2 41. b4 Kd3 42. Nf6 Kc4 43. Kf3 Be7 44. Ng4 Kd3 45. Ne5+ Kc2 46. Nc6 Bf6 $18 47. Ke2 Kb3 48. Na7 Kc4 49. Nc6 Kb3 50. Kd3 Ka4 51. Kc2 g4 52. hxg4 Bg5 53. Ne5 1-0

[Event "Israeli Open Championship 2019"]
[Site "Jerusalem"]
[Date "2019.12.17"]
[Round "5.17"]
[White "Nissim, Yonatan"]
[Black "Elsner, Yair"]
[Result "1-0"]
[ECO "E84"]
[WhiteElo "2040"]
[BlackElo "1585"]
[Annotator "NA"]
[PlyCount "43"]
[EventDate "2019.12.12"]
[EventType "swiss"]
[EventCountry "ISR"]
[SourceTitle "playchess.com"]
[Source "ChessBase"]
[SourceQuality "1"]
[TimeControl "5400+30"]

1. d4 Nf6 2. c4 g6 3. f3 Bg7 4. e4 d6 5. Nc3 O-O 6. Be3 Nc6 7. Qd2 a6 8. Nge2 Rb8 9. Nc1 e5 10. d5 Nd4 11. N1e2 c5 12. dxc6 Nxc6 13. Rd1 Qa5 {[%emt 0:03:05] E84: King's Indian: Sämisch Panno: 7 Nge2 a6 8 Qd2 Rb8} (13... Be6 14. Nc1 Nd4 15. Nb3 Nxb3 16. axb3 b5 17. Qxd6 Qxd6 18. Rxd6 bxc4 19. Bxc4 Bxc4 20. bxc4 Rxb2 21. O-O {½-½ (41) Van der Sterren,P (2605)-Zapata,A (2565) Wijk aan Zee 1995}) 14. Nc1 Ne8 $146 ({Predecessor:} 14... Rd8 15. Nb3 Qb4 16. Be2 b5 17. cxb5 axb5 18. O-O Be6 19. Nc1 d5 20. a3 Qa5 21. Nb3 {0-1 (58) Anelli,G-Oppici,G Italy 1988}) 15. Nb3 Qb4 ({Better is} 15... Qd8 $1 $14) 16. Qc2 Na5 {[%emt 0:02:40] [#]} 17. Nd2 $1 Nc6 18. Nd5 Qa5 19. Bb6 Nd4 20. Qb1 Qa4 {[%emt 0:01:43] [#]} 21. Ba7 $1 Nc2+ $18 (21... Qd7 {keeps fighting.} 22. Bxb8 Nc6 23. Bxd6 Qxd6) 22. Kf2 1-0

[Event "Israeli Open Championship 2019"]
[Site "Jerusalem"]
[Date "2019.12.17"]
[Round "5.18"]
[White "Sobel, Alon"]
[Black "Tsirilman, Guy"]
[Result "0-1"]
[ECO "A68"]
[WhiteElo "1804"]
[BlackElo "1975"]
[Annotator "NA"]
[PlyCount "100"]
[EventDate "2019.12.12"]
[EventType "swiss"]
[EventCountry "ISR"]
[SourceTitle "playchess.com"]
[Source "ChessBase"]
[SourceQuality "1"]
[TimeControl "5400+30"]

1. d4 Nf6 2. c4 g6 3. Nc3 Bg7 4. e4 d6 5. f4 O-O 6. Nf3 c5 7. d5 e6 8. Be2 exd5 9. cxd5 Bg4 10. O-O Nbd7 11. Re1 Re8 (11... Nh5 $11) 12. h3 Bxf3 13. Bxf3 Qa5 14. a4 {[%emt 0:13:59] A68: Modern Benoni: Four Pawns Attack without 9...Re8} (14. Be3 b5 15. a3 b4 16. axb4 Qxb4 17. Qc2 a5 18. Bf2 Rab8 19. Re2 Nh5 20. Bxh5 gxh5 21. Qd3 c4 22. Qf3 Nc5 23. Bxc5 Qxc5+ {1-0 (32) Cebalo,M (2520)-Cvitan,O (2538) Stari Mikanovci 2008}) 14... c4 15. Be3 Nc5 16. Bxc5 Qxc5+ 17. Kh1 Nd7 18. Qc2 Qb4 19. Nb5 $146 ({Predecessor:} 19. Be2 a6 20. a5 Nc5 21. Bf1 Rac8 {0-1 (40) Deatrick,A (2049)-Homa,S (2339) Cadillac 2011}) 19... Rec8 ({Much worse is} 19... Bxb2 $6 20. Rab1 $11) ({Don't play} 19... Qxb2 $6 20. Qxb2 Bxb2 21. Rab1 $14) ({Black should try} 19... Red8 $17) 20. Bg4 Rd8 $1 21. Bxd7 Rxd7 22. Re2 a6 23. Nc3 Re8 24. Qd2 Qa5 25. Qe1 Rde7 26. g4 (26. e5 $1 $11 {was the only way to keep the balance.}) 26... Bxc3 27. bxc3 $2 (27. Qxc3 $17 Qxc3 28. bxc3) 27... Rxe4 28. Rxe4 Qxd5 29. Rd1 Qxe4+ 30. Qxe4 Rxe4 31. Kg2 Re3 32. Rb1 b5 33. axb5 axb5 34. Rxb5 Rxc3 35. Rd5 Rd3 36. Rxd3 cxd3 37. Kf3 f5 38. gxf5 gxf5 39. Ke3 Kf7 40. Kxd3 Ke6 41. Kd4 d5 42. Kc5 h6 43. h4 h5 44. Kb4 Kd6 45. Kb5 d4 46. Kc4 d3 47. Kc3 Kc5 48. Kxd3 Kd5 49. Ke3 Kc4 50. Kf3 Kd4 0-1

[Event "Israeli Open Championship 2019"]
[Site "Jerusalem"]
[Date "2019.12.18"]
[Round "6.3"]
[White "Lahav, Michal"]
[Black "Iliaguev, Nisim"]
[Result "1-0"]
[ECO "B11"]
[WhiteElo "2244"]
[BlackElo "2275"]
[Annotator "NA"]
[PlyCount "99"]
[EventDate "2019.12.12"]
[EventType "swiss"]
[EventCountry "ISR"]
[SourceTitle "playchess.com"]
[Source "ChessBase"]
[SourceQuality "1"]
[TimeControl "5400+30"]

1. e4 c6 2. Nc3 d5 3. Nf3 dxe4 4. Nxe4 Nf6 5. Qe2 Nxe4 6. Qxe4 Qa5 {[%emt 0:00:13] B11: Caro-Kann: Two Knights Variation} 7. c3 $146 (7. Bd3 Na6 8. Qe5 Qxe5+ 9. Nxe5 Nb4 10. Be4 f6 11. c3 Nd5 12. Nf3 a5 13. d4 a4 14. Bd2 {½-½ (41) Adams,M (2703)-Howell,D (2696) London 2018}) 7... Qf5 8. Qe3 Qe6 9. d4 Qxe3+ 10. Bxe3 Bf5 11. Bc4 e6 12. Bf4 Nd7 13. O-O Be7 14. Rfe1 O-O 15. Bb3 Bf6 16. h3 Rac8 17. Ne5 Nxe5 18. Bxe5 Bxe5 19. Rxe5 Rfd8 20. Rd1 Rc7 21. g4 Bg6 22. Kg2 Kf8 23. Kg3 b6 24. f4 h6 25. Ree1 Rcd7 26. Kf3 Rd6 27. Kf2 a5 28. a3 c5 29. dxc5 bxc5 30. Rxd6 Rxd6 31. Bc4 Rb6 32. Re2 Bh7 33. Kf3 Ke7 34. a4 Bb1 35. Re5 $11 Rc6 36. Re2 f6 37. Ke3 Rd6 38. Re1 Bc2 39. b3 Rd1 40. Re2 Bb1 41. Kf2 Rd6 42. b4 cxb4 43. cxb4 axb4 44. Rb2 Rd4 45. Rxb4 Rxf4+ 46. Kg3 g5 47. a5 Be4 48. Be2 Bf3 49. Rxf4 Bxe2 50. Rb4 1-0

[Event "Israeli Open Championship 2019"]
[Site "Jerusalem"]
[Date "2019.12.18"]
[Round "6.4"]
[White "Postny, Evgeny"]
[Black "Flom, Gabriel"]
[Result "1-0"]
[ECO "E08"]
[WhiteElo "2605"]
[BlackElo "2506"]
[Annotator "ChessBase"]
[PlyCount "129"]
[EventDate "2019.12.12"]
[EventType "swiss"]
[EventCountry "ISR"]
[SourceTitle "playchess.com"]
[Source "ChessBase"]
[SourceQuality "1"]
[TimeControl "5400+30"]

1. d4 Nf6 2. Nf3 d5 3. c4 e6 4. g3 Bb4+ 5. Bd2 Be7 6. Bg2 O-O 7. O-O Nbd7 8. Qc2 Ne4 9. Bf4 c6 10. Nc3 g5 11. Bc1 f5 12. e3 g4 13. Ne1 Bd6 14. Ne2 Rf7 15. Nd3 h5 16. Nef4 Ndf6 17. b3 h4 18. Bb2 Rh7 19. Rfd1 Ng5 20. Ne5 Nfe4 21. Kf1 Bxe5 22. dxe5 b6 23. Ke2 Ba6 24. a4 hxg3 25. hxg3 Rh2 26. Rd4 Qe7 27. Rh1 Rxh1 28. Bxh1 Kf7 29. Kd1 Rh8 30. Bxe4 Nxe4 31. Kc1 Rh1+ 32. Rd1 Rh2 33. Kb1 Rxf2 34. Qc1 dxc4 35. bxc4 Rh2 36. Rh1 Rxh1 37. Qxh1 Nxg3 38. Qh7+ Ke8 39. Qg8+ Kd7 40. Ng6 Qe8 41. Qg7+ Kc8 42. Qxa7 Qxg6 43. Qxa6+ Kd7 44. Qb7+ Ke8 45. Qxc6+ Kf7 46. Qd7+ Kg8 47. Qd8+ Kh7 48. Qe7+ Kh6 49. c5 bxc5 50. a5 f4+ 51. Ka2 Nf5 52. Qf8+ Qg7 53. Qxg7+ Kxg7 54. exf4 Ne7 55. Ba3 Nc6 56. a6 c4 57. Kb2 g3 58. Bc5 g2 59. a7 Nxa7 60. Bxa7 Kg6 61. Bg1 Kf5 62. Bh2 Ke4 63. Kc3 Kd5 64. Bg1 Ke4 65. Kxc4 {[%emt 0:02:53] Kd5+} 1-0